 Dungeon Sprint DCSS version 0.17-a0-1150-g17b0b87 (webtiles) character file.

13963 nuthulu the Hoplite (level 11, -12/171 HPs)
             Began as a Minotaur Fighter on May 27, 2015.
             Was the Champion of Cheibriados (penitent).
             Mangled by a mottled draconian
             ... wielding a +0 battleaxe
              (27 damage)
             ... in the Dungeon (Sprint V: "Ziggurat Sprint").
             The game lasted 00:08:05 (552 turns).

nuthulu the Hoplite (Minotaur Fighter)               Turns: 552, Time: 00:08:06

Health: -12/171    AC: 34    Str: 38    XL:     11   Next: 82%
Magic:  19/19      EV:  4    Int:  8    God:    Cheibriados [*]
Gold:   0          SH: 35    Dex:  6    Spells: 0 memorised, 10 levels left

rFire  . . .     SeeInvis .     J - +6 shillelagh "Devastator" {shatter}
rCold  + . .     Clarity  .     K - +15 Maxwell's patent armour {-Cast -Tele rElec MR+ rCorr}
rNeg   + + .     SustAt   .     L - +18 shield of the gong {rElec rN+ MR+ EV-5}
rPois  .         Gourm    .     (helmet restricted)
rElec  +         Spirit   .     (no cloak)
rCorr  +         Warding  .     R - +0 pair of gloves of Disaster {rElec Regen+ Str+4 Dex-5}
rMut   .         NoTele   +     (no boots)
MR     ++...     NoCast   +     b - amulet of regeneration
Stlth  ..........               Q - ring of Jyfut {rC+ rN+ MP+9 Int+3 Stlth+}
                                H - +6 ring of strength

@: berserking, very slow, very resistant to hostile enchantments, extremely
unstealthy
A: retaliatory headbutt, horns 2, blurry vision 1, MP-powered wands
a: Renounce Religion


You were in the Dungeon.
You worshipped Cheibriados.
Cheibriados was demanding penance.
You were not hungry.

You visited 1 branch

Inventory:

Hand weapons
 a - a +0 flail
 J - the +6 shillelagh "Devastator" (weapon) {shatter}
   (You found it in the Dungeon)
Armour
 K - the +15 Maxwell's patent armour (worn) {-Cast -Tele rElec MR+ rCorr}
   (You found it in the Dungeon)

   It insulates you from electricity.
   It affects your resistance to hostile enchantments.
   It prevents spellcasting.
   It prevents most forms of teleportation.
   It protects you from acid and corrosion.
 L - the +18 shield of the gong (worn) {rElec rN+ MR+ EV-5}
   (You found it in the Dungeon)

   It affects your evasion (-5).
   It insulates you from electricity.
   It protects you from negative energy.
   It affects your resistance to hostile enchantments.
 R - the +0 pair of gloves of Disaster (worn) {rElec Regen+ Str+4 Dex-5}
   (You found it in the Dungeon)

   It affects your strength (+4).
   It affects your dexterity (-5).
   It insulates you from electricity.
   It increases your rate of regeneration.
Jewellery
 b - an amulet of regeneration (around neck)
 c - an uncursed ring of protection from fire
 D - a +6 ring of dexterity
 E - a +6 ring of dexterity
 F - a +6 ring of intelligence
 G - a +6 ring of intelligence
 H - a +6 ring of strength (left hand)
 I - a +6 ring of strength
 N - the ring of Ruti {MP+9 AC+1 SInv}
   (You found it in the Dungeon)

   [ring of protection]

   It affects your AC (+1).
   It affects your magic capacity (+9).
   It lets you see invisible.
 O - an uncursed ring of stealth
 P - an uncursed ring of ice
 Q - the ring of Jyfut (right hand) {rC+ rN+ MP+9 Int+3 Stlth+}
   (You found it in the Dungeon)

   [ring of positive energy]

   It affects your intelligence (+3).
   It protects you from cold.
   It protects you from negative energy.
   It affects your magic capacity (+9).
   It makes you more stealthy.
Magical devices
 y - a wand of disintegration (7)
 A - a wand of fire (5)
 B - a wand of cold (5)
 C - a wand of draining (5)
Scrolls
 k - 4 scrolls of blinking
 q - 4 scrolls of amnesia
 r - 3 scrolls of recharging
 s - 7 scrolls of fog
 t - a scroll of holy word
 u - 5 scrolls of identify
 v - 5 scrolls of remove curse
 w - 2 scrolls of fear
 M - 2 scrolls of brand weapon
Potions
 d - 6 potions of might
 f - 10 potions of curing
 g - 4 potions of heal wounds
 h - 6 potions of haste
 i - 7 potions of magic
 j - 2 potions of berserk rage
 l - 2 potions of brilliance
 m - 2 potions of invisibility
 n - 4 potions of resistance
 p - 6 potions of agility
Comestibles
 e - 5 bread rations
 o - 6 royal jellies
 x - 42 fruits
 z - 4 meat rations


   Skills:
 * Level 15.7 Fighting
 * Level 12.4 Maces & Flails
 + Level 2.1 Throwing
 * Level 17.3 Armour
 + Level 2.5 Dodging
 * Level 21.5 Shields


You had 10 spell levels left.
You didn't know any spells.

Dungeon Overview and Level Annotations

Branches:
Dungeon (1/1)

Altars:
Ashenzari
Cheibriados
Dithmenos
Elyvilon
Fedhas
Gozag
Kikubaaqudgha
Makhleb
Nemelex Xobeh
Okawaru
Qazlal
Ru
Sif Muna
Trog
Vehumet
Xom
Yredelemnul
Zin
The Shining One
Beogh
Jiyva
Lugonu


Innate Abilities, Weirdness & Mutations

You reflexively headbutt those who attack you in melee.
You have a pair of horns on your head.
Scrolls take you a little longer to read.
You expend magic power (3 MP) to strengthen your wands.


Message History

A red film seems to cover your vision as you go berserk!
Cheibriados thinks you should slow down.
You feel very guilty. "You will pay for your transgression, mortal!"
Cheibriados forces you to slow down.
You feel mighty!
The purple draconian hits you with a hand axe!!
* * * LOW HITPOINT WARNING * * *
You block the mottled draconian's attack.
SHROANNG!
You block the mottled draconian's attack.
PTOANNNG!
You block the yellow draconian's attack.
PTOANNNG!
You block the black draconian's attack.
PTOANNNG!
The moth of wrath bites you!
* * * LOW HITPOINT WARNING * * *
The mottled draconian hits you with a battleaxe!!
You die...

▓...8©8...▓.
▓..):[[}[.▓..)||})..▓.
▓..|.[....▓..}.}[}..▓.
▓.........▓.........▓.
▓.........▓.........▓.
▓.........▓.........▓.
▓.........▓.........▓.
▓...dyd...▓.....)...▓.
▓..dd@dd..▓.▓.....▓.▓.
▓...d.d...▓.........▓▓
▓▓▓▓▓▓▓▓▓▓▓▓▓▓▓▓▓▓▓▓▓


You could see a black draconian (berserk), 4 draconians, a yellow draconian
(berserk), a purple draconian (berserk), a red draconian and a moth of wrath.

Vanquished Creatures
  An Orb Guardian (D)
  A tentacled starspawn (D)
  2 vault guards (D)
  A great orb of eyes (D)
  An ice dragon (D)
  A centaur warrior (D)
  A skeletal warrior (D)
  A phantasmal warrior (D)
  A deep elf conjurer (D)
  2 shining eyes (D)
  A moth of wrath (D)
  An orc knight (D)
  A hornet (D)
  A rust devil (D)
  A tormentor (D)
  2 yaktaurs (D)
  2 slime creatures (D)
  3 deep elf magi (D)
  A raven (shapeshifter) (D)
  A golden eye (D)
  3 water moccasins (D)
  A naga (D)
  2 hell hounds (D)
  An orc warrior (D)
  An ice beast (D)
  A necrophage (D)
  2 orc priests (D)
  3 orc wizards (D)
  2 iron imps (D)
  A mummy (D)
  4 adders (D)
  3 white imps (D)
  3 oozes (D)
  An adder skeleton (D)
  2 adder zombies (D)
  An orc (D)
  A ball python (D)
  3 bat skeletons (D)
  2 bat zombies (D)
  A quokka skeleton (D)
  2 quokka zombies (D)
  A starspawn tentacle (D)
67 creatures vanquished.

Vanquished Creatures (others)
  A spatial maelstrom (D)
  A deep elf fighter (D)
  2 starspawn tentacles (D)
  26 starspawn tentacle segments (D)
30 creatures vanquished.

Grand Total: 97 creatures vanquished

Notes
Turn   | Place    | Note
--------------------------------------------------------------
     0 | D        | nuthulu the Minotaur Fighter began the quest for the Orb.
     0 | D        | Reached XP level 1. HP: 19/19 MP: 0/0
     0 | D        | Found a roughly hewn altar of Beogh.
     0 | D        | Found a corrupted altar of Lugonu.
     0 | D        | Found a viscous altar of Jiyva.
     0 | D        | Found a white marble altar of Elyvilon.
     0 | D        | Found a sparkling altar of Nemelex Xobeh.
     0 | D        | Found a burning altar of Makhleb.
     0 | D        | Found an iron altar of Okawaru.
     0 | D        | Found a deep blue altar of Sif Muna.
     0 | D        | Found a radiant altar of Vehumet.
     0 | D        | Found a bloodstained altar of Trog.
     0 | D        | Found a shimmering altar of Xom.
     8 | D        | Banished a spatial maelstrom
    48 | D        | Reached skill level 5 in Fighting
    48 | D        | Reached skill level 5 in Armour
    48 | D        | Reached skill level 5 in Shields
    48 | D        | Reached XP level 2. HP: 23/29 MP: 1/1
    58 | D        | Became a worshipper of Cheibriados the Contemplative
   113 | D        | Entered arena 1.
   113 | D        | Noticed an iron imp
   117 | D        | Killed an iron imp
   117 | D        | Reached skill level 6 in Fighting
   117 | D        | Reached skill level 5 in Maces & Flails
   117 | D        | Reached XP level 3. HP: 35/37 MP: 2/2
   131 | D        | Entered arena 2.
   131 | D        | Noticed a tentacled starspawn
   136 | D        | Killed a tentacled starspawn
   136 | D        | Acquired Cheibriados's first power
   136 | D        | Reached skill level 12 in Fighting
   136 | D        | Reached skill level 13 in Armour
   136 | D        | Reached XP level 4. HP: 43/56 MP: 3/3
   136 | D        | Reached XP level 5. HP: 47/62 MP: 4/4
   136 | D        | Reached XP level 6. HP: 53/70 MP: 5/5
   136 | D        | Reached XP level 7. HP: 58/77 MP: 6/6
   136 | D        | Reached XP level 8. HP: 62/83 MP: 7/7
   179 | D        | Entered arena 3.
   179 | D        | Noticed a necrophage
   183 | D        | Killed a necrophage
   192 | D        | Entered arena 4.
   192 | D        | Noticed a water moccasin
   192 | D        | Noticed a water moccasin
   193 | D        | Acquired Cheibriados's second power
   197 | D        | Killed a water moccasin
   197 | D        | Reached XP level 9. HP: 91/91 MP: 8/8
   197 | D        | Acquired Cheibriados's third power
   198 | D        | Killed a water moccasin
   207 | D        | Entered arena 5.
   207 | D        | Noticed a water moccasin
   207 | D        | Noticed a naga
   209 | D        | Acquired Cheibriados's fourth power
   210 | D        | Killed a water moccasin
   210 | D        | Killed a naga
   210 | D        | Reached skill level 14 in Armour
   217 | D        | Got the ring of Ruti {MP+9 AC+1 SInv}
   224 | D        | Entered arena 6.
   224 | D        | Noticed a deep elf mage
   224 | D        | Noticed a deep elf conjurer
   224 | D        | Noticed a deep elf mage
   224 | D        | Noticed a deep elf mage
   224 | D        | Noticed a raven
   224 | D        | Noticed a deep elf fighter
   226 | D        | Killed a raven
   227 | D        | Killed a deep elf fighter
   229 | D        | Killed a deep elf mage
   230 | D        | Killed a deep elf conjurer
   230 | D        | Killed a deep elf mage
   230 | D        | Reached skill level 15 in Shields
   230 | D        | Killed a deep elf mage
   244 | D        | Entered arena 7.
   244 | D        | Noticed a hell hound
   244 | D        | Noticed a hell hound
   247 | D        | Killed a hell hound
   247 | D        | Reached skill level 15 in Armour
   247 | D        | Killed a hell hound
   259 | D        | Got the ring of Jyfut {rC+ rN+ MP+9 Int+3 Stlth+}
   325 | D        | Entered arena 8.
   325 | D        | Noticed an orc wizard
   325 | D        | Noticed an orc priest
   325 | D        | Noticed an orc priest
   325 | D        | Noticed an orc wizard
   325 | D        | Noticed an orc wizard
   325 | D        | Noticed an orc warrior
   327 | D        | Killed an orc wizard
   327 | D        | Killed an orc warrior
   329 | D        | Killed an orc priest
   329 | D        | Killed an orc wizard
   330 | D        | Killed an orc priest
   330 | D        | Reached XP level 10. HP: 100/102 MP: 9/9
   331 | D        | Killed an orc wizard
   345 | D        | Entered arena 9.
   345 | D        | Noticed a golden eye
   345 | D        | Noticed a slime creature
   345 | D        | Noticed a slime creature
   345 | D        | Noticed a shining eye
   345 | D        | Noticed a shining eye
   350 | D        | Gained mutation: Scrolls take you a little longer to read. [a shining eye]
   353 | D        | Gained mutation: You expend magic power (3 MP) to strengthen your wands. [a shining eye]
   355 | D        | Killed a golden eye
   355 | D        | Killed a shining eye
   355 | D        | Reached skill level 10 in Maces & Flails
   355 | D        | Reached skill level 16 in Shields
   358 | D        | Killed a slime creature
   360 | D        | Killed a shining eye
   362 | D        | Killed a slime creature
   378 | D        | Entered arena 10.
   378 | D        | Noticed an ice dragon
   378 | D        | Noticed a yaktaur
   378 | D        | Noticed a great orb of eyes
   378 | D        | Noticed a centaur warrior
   378 | D        | Noticed a hornet
   378 | D        | Noticed an orc knight
   378 | D        | Noticed a vault guard
   378 | D        | Noticed a vault guard
   378 | D        | Noticed a yaktaur
   385 | D        | Killed a hornet
   388 | D        | Killed a vault guard
   388 | D        | Reached skill level 17 in Shields
   390 | D        | Killed a centaur warrior
   390 | D        | Killed a yaktaur
   390 | D        | Reached skill level 18 in Shields
   392 | D        | Killed a yaktaur
   396 | D        | Killed a vault guard
   396 | D        | Reached skill level 15 in Fighting
   396 | D        | Reached XP level 11. HP: 66/112 MP: 10/10
   399 | D        | Killed a great orb of eyes
   399 | D        | Reached skill level 19 in Shields
   404 | D        | Killed an orc knight
   404 | D        | Reached skill level 1 in Dodging
   405 | D        | Killed an ice dragon
   459 | D        | Got the +0 pair of gloves of Disaster {rElec Regen+ Str+4 Dex-5}
   496 | D        | Entered arena 11.
   497 | D        | Noticed a phantasmal warrior
   497 | D        | Noticed a rust devil
   497 | D        | Noticed a tormentor
   497 | D        | Noticed a skeletal warrior
   497 | D        | Noticed an iron imp
   501 | D        | Killed a phantasmal warrior
   503 | D        | Killed a tormentor
   503 | D        | Reached skill level 20 in Shields
   505 | D        | Killed a skeletal warrior
   506 | D        | Killed a rust devil
   508 | D        | Killed an iron imp
   528 | D        | Entered arena 12.
   528 | D        | Noticed a mottled draconian
   528 | D        | Noticed a moth of wrath
   528 | D        | Noticed a mottled draconian
   528 | D        | Noticed a moth of wrath
   528 | D        | Noticed an Orb Guardian
   529 | D        | Noticed a mottled draconian
   529 | D        | Noticed a mottled draconian
   529 | D        | Noticed a yellow draconian
   529 | D        | Noticed a purple draconian
   529 | D        | Noticed a red draconian
   529 | D        | Noticed a black draconian
   542 | D        | HP: 4/113 [mottled draconian/battleaxe (17)]
   543 | D        | Killed a moth of wrath
   544 | D        | Killed an Orb Guardian
   544 | D        | Reached skill level 21 in Shields
   552 | D        | Was placed under penance by Cheibriados
   552 | D        | Mangled by a mottled draconian

Vault maps used:
D:        sprint_v

Action                   |  1- 3 |  4- 6 |  7- 9 | 10-12 || total
-------------------------+-------+-------+-------+-------++-------
Melee: Shillelagh        |    10 |       |    23 |    67 ||   100
  Use: Potion            |     1 |       |       |     7 ||     8
